 Dungeon Crawl Stone Soup version 0.28-a0-1227-ga9037bb4c8 (webtiles) character file.

Game seed: 2653860655030796571

117 silenth the Chopper (level 5, 0/47 HPs)
             Began as a Hill Orc Fighter on Dec 22, 2021.
             Succumbed to a scorpion's poison
             ... on level 3 of the Dungeon.
             The game lasted 00:02:58 (1935 turns).

silenth the Chopper (Hill Orc Fighter)              Turns: 1935, Time: 00:02:58

Health: 0/47       AC:  6    Str: 19    XL:     5   Next: 1%
Magic:  5/5        EV:  9    Int: 10    God:
Gold:   83         SH:  4    Dex: 10    Spells: 4/4 levels left

rFire   . . .      SeeInvis +   a - +0 war axe
rCold   . . .      Faith    .   c - +0 buckler
rNeg    . . .      Spirit   .   b - +0 scale mail
rPois   .          Reflect  .   (no helmet)
rElec   .          Harm     .   (no cloak)
rCorr   .          Rampage  .   (no gloves)
Will    .....                   (no boots)
Stlth   ..........              (no amulet)
HPRegen 0.15/turn               f - ring of see invisible
MPRegen 0.09/turn               (no ring)

@: lethally poisoned (0 -> -2), on berserk cooldown, flying, slowed, very slow
A: no striking features
a: no special abilities


You were on level 3 of the Dungeon.
You visited 1 branch of the dungeon, and saw 3 of its levels.

You collected 83 gold pieces.

Inventory:

Hand Weapons
 a - a +0 war axe (weapon)
Armour
 b - a +0 scale mail (worn)
 c - a +0 buckler (worn)
Jewellery
 f - a ring of see invisible (left hand)
 h - a ring of positive energy
Wands
 l - a wand of iceblast (6)
Scrolls
 g - a scroll of immolation {unknown}
 k - a scroll of identify {unknown}
 m - a scroll of amnesia {unknown}
Potions
 d - 2 potions of might


   Skills:
 + Level 4.8 Fighting
 * Level 5.6 Axes
 - Level 3.2 Armour
 - Level 3.2 Shields


You had 4 spell levels left.
You didn't know any spells.
Your spell library contained the following spells:

 Spells                   Type           Power      Damage    Failure   Level
 Corpse Rot               Necr/Air       0%         N/A       88%         2
 Poisonous Vapours        Pois/Air       0%         N/A       88%         2


Dungeon Overview and Level Annotations

Branches:
Dungeon (3/15)

Altars:
Cheibriados

Shops:
D:1 =


Message History

Your scale mail prevents you from hitting the scorpion.
You feel very sick. You block the scorpion's attack. The scorpion stings you!
* * * LOW HITPOINT WARNING * * *
It was a potion of berserk rage.
A red film seems to cover your vision as you go berserk!
You feel yourself moving faster!
You feel mighty!
You feel sick. The scorpion barely misses you.
You hit the scorpion.
The scorpion is lightly wounded.
You feel sick.
The scorpion stings you but does no damage.
You slash the scorpion!
The scorpion is almost dead.
You feel sick. The scorpion stings you.
* * * LOW HITPOINT WARNING * * *
You slash the scorpion!
You kill the scorpion!
* * * LOW HITPOINT WARNING * * *
You feel sick.
Your Axes skill increases to level 5!
You have reached level 4!
You have reached level 5!
You feel stronger.
You are too berserk!
You see here a scorpion corpse.
You feel a strong urge to attack something.
* * * LOW HITPOINT WARNING * * *
You feel sick.
A kobold comes into view. It is wielding a +0 club.
* * * LOW HITPOINT WARNING * * *
You feel sick.
The kobold shouts!
You feel your anger nearly subside.
The kobold throws a stone.
The stone hits you but does no damage.
A giant cockroach comes into view.
You are no longer berserk.
You are exhausted.
You feel yourself slow down.
You die...

..# #.# #.# #.# ..#
#.# #.# #### #.# #.#
#.## ..... .K+ .⚑. +..
.....##.# ### #.#####
........# ### #.....#
....B...#######.###.##
#.@.†.....# #..# #
####.###### ##.## .
#.# #..# . [.#
#####.##. ####
#......#. #......#.
#........ #######..
########..


You could see a giant cockroach (wandering) and a kobold.

Vanquished Creatures
  A scorpion (D:3)
  2 dart slugs (D:1)
  2 ball pythons (D:2)
  3 bats
  7 endoplasms
  8 giant cockroaches (D:2)
  7 goblins
  3 hobgoblins
  4 kobolds (D:1)
  2 quokkas
  4 frilled lizards (D:1)
  2 rats
45 creatures vanquished.

Notes
Turn   | Place    | Note
-------+----------+-------------------------------------------
     0 | D:1      | silenth the Hill Orc Fighter began the quest for the Orb.
     0 | D:1      | Reached XP level 1. HP: 19/19 MP: 1/1
   282 | D:1      | Reached skill level 3 in Axes
   292 | D:1      | Reached XP level 2. HP: 27/27 MP: 2/2
   390 | D:1      | Reached skill level 4 in Fighting
   583 | D:1      | Found a faded altar of an unknown god.
   627 | D:1      | Reached skill level 4 in Axes
   801 | D:1      | Reached XP level 3. HP: 33/33 MP: 3/3
   941 | D:1      | Found Guabep's Jewellery Boutique.
   959 | D:1      | You fall into a shaft and drop 1 floor!
  1912 | D:3      | Noticed a scorpion
  1914 | D:3      | Found a snail-covered altar of Cheibriados.
  1929 | D:3      | HP: 3/51 [scorpion (4)]
  1930 | D:3      | Killed a scorpion
  1931 | D:3      | Reached skill level 5 in Axes
  1931 | D:3      | Reached XP level 4. HP: 3/41 MP: 4/4
  1931 | D:3      | Reached XP level 5. HP: 3/47 MP: 5/5
  1935 | D:3      | Succumbed to a scorpion's poison

Illustrated notes

Levels and vault maps discovered:
D:1:      onia_arrival_mini_spirals, layout_loops_ring, serial_shops, shop,
          dreamdust_ecumenical_altar_angels_and_demons, minivault_26
D:2:      minmay_roachtagon, layout_loops_cross
D:3:      layout_basic, lemuel_doored_altar, serial_shops, shop, uniq_jessica

Skill      XL: |  1  2  3 |
---------------+----------+-----
Axes           | 3 4 5 |  5.6
Fighting       | 4 |  4.8
Armour         | |  3.2
Shields        | |  3.2

Action                   |  1- 3 |  4- 6 || total
-------------------------+-------+-------++-------
Melee: War axe           |   103 |       ||   103
  Use: Potion            |     3 |       ||     3
Armor: Scale mail        |    36 |     1 ||    37
Dodge: Dodged            |    50 |       ||    50
Block: Buckler           |    20 |       ||    20

Table legend: (Time is in decaauts)
 A = Elapsed time spent in this place.
 B = Non-inter-level travel time spent in this place.
 C = Inter-level travel time spent in this place.
 D = Time resting spent in this place.
 E = Time spent auto-exploring this place.
 F = Levels seen in this place.
 G = Mean time per level.
                   A        B        C        D        E       F      G
               +--------+--------+--------+--------+--------+-----+--------+
         Total |   1963 |   1876 |     87 |      0 |   1619 |   3 |  654.3 |
       Dungeon |   1963 |   1876 |     87 |      0 |   1619 |   3 |  654.3 |
               +--------+--------+--------+--------+--------+-----+--------+

Top non-repeatable levels by time:
     D:1: 1079 daAuts
     D:2: 800 daAuts
     D:3: 83 daAuts
